 Dungeon Crawl Stone Soup version 0.31-a0-844-gdc52ec4e09 (webtiles) character file.

Game seed: 16018522878463737213

2007 JackS81 the Cleaver (level 9, -2/44 (68) HPs)
             Began as a Formicid Fighter on Sept 30, 2023.
             Was an Initiate of Gozag.
             Killed by divine providence
             ... invoked by Jeremiah
              (16 damage)
             ... on level 7 of the Dungeon.
             The game lasted 00:23:00 (6099 turns).

JackS81 the Cleaver (Formicid Fighter)              Turns: 6099, Time: 00:23:08

HP:   -2/44 (68)    AC: 12    Str: 24    XL:     9   Next: 46%
MP:   9/9           EV: 21    Int: 15    God:    Gozag
Gold: 844           SH:  5    Dex: 13    Spells: 8/8 levels left

rFire   + . .        p - +2 war axe
rCold   + . .        c - +0 buckler
rNeg    . . .        r - +0 plate armour
rPois   .            (helmet unavailable)
rElec   .            q - scarf {rC+ rF+}
rCorr   .            (no gloves)
SInv    +            (no boots)
Will    .....        l - amulet of the acrobat Stlth
                     m - +6 ring of intelligence
HPRegen 0.27/turn    (no ring)
MPRegen 0.11/turn

%: acrobat
@: acrobatic, very heavily drained
A: permanent stasis, dig shafts and tunnels, antennae 3, four strong arms
a: Dig, Shaft Self, Renounce Religion, Potion Petition, Call Merchant, Bribe
Branch


You were on level 7 of the Dungeon.
You worshipped Gozag.
Gozag was pleased with you.
You visited 1 branch of the dungeon, and saw 7 of its levels.

You collected 952 gold pieces.
You spent 100 gold pieces at shops.
You paid 8 gold pieces to Gozag.

Inventory:

Hand Weapons
 a - a +0 war axe
 p - a +2 war axe (weapon)
 D - a +4 scythe of venom
 I - a +0 broad axe
Missiles
 e - 17 poisoned darts (quivered)
 y - 9 boomerangs
Armour
 b - a +0 scale mail
 c - a +0 buckler (worn)
 q - a scarf of resistance (worn)
 r - a +0 plate armour (worn)
 H - an orb of mayhem
Magical Staves
 E - a staff of fire
Jewellery
 i - an amulet of magic regeneration
 l - an amulet of the acrobat (around neck)
 m - a +6 ring of intelligence (left hand)
Wands
 C - a wand of mindburst (16)
Scrolls
 g - a scroll of butterflies
 j - a scroll of torment
 o - 2 scrolls of teleportation
 w - a scroll of noise
 B - a scroll of poison
 J - a scroll of silence {unknown}
Potions
 d - 2 potions of might
 f - a potion of berserk rage
 h - 3 potions of haste
 n - a potion of brilliance
 s - 2 potions of curing
 t - 2 potions of enlightenment
 u - a potion of mutation
 v - a potion of lignification
 z - a potion of attraction
 A - a potion of ambrosia
 G - a potion of degeneration {unknown}


   Skills:
 + Level 5.5 Fighting
 * Level 10.0 Axes
 + Level 5.9 Armour
 + Level 5.1 Shields


You had 8 spell levels left.
You didn't know any spells.
Your spell library contained the following spells:

 Spells                   Type           Power      Damage    Failure   Level
 Foxfire                  Conj/Fire      0%         2x1d4     99%         1
 Necrotise                Necr           0%         1d4       99%         1
 Slow                     Hex            0%         N/A       99%         1
 Summon Small Mammal      Summ           0%         N/A       99%         1
 Ensorcelled Hibernation  Hex/Ice        0%         N/A       100%        2
 Jinxbite                 Hex            0%         N/A       100%        2
 Scorch                   Fire           0%         2d5       100%        2
 Confusing Touch          Hex            0%         N/A       100%        3
 Sigil of Binding         Hex            0%         N/A       100%        3
 Summon Guardian Golem    Hex/Summ       0%         N/A       100%        3
 Vampiric Draining        Necr           0%         2d6       100%        3
 Anguish                  Hex/Necr       0%         N/A       100%        4
 Flame Wave               Conj/Fire      0%         2d4       100%        4
 Iskenderun's Mystic Bla  Conj/Tloc      0%         2d3       100%        4
 Arcjolt                  Conj/Air       0%         1d10      100%        5
 Plasma Beam              Fire/Air       0%         2x1d10    100%        6
 Summon Cactus Giant      Summ           0%         N/A       100%        6
 Orb of Destruction       Conj           0%         9d5       100%        7
 Spellforged Servitor     Conj/Summ      0%         N/A       100%        7


Dungeon Overview and Level Annotations

Branches:
Dungeon (7/15)             Temple (0/1) D:7

Altars:
Gozag

Shops:
D:1 [   D:5 ?

Annotations:
D:3 3 runed translucent doors, Nedwor's ghost, amateur MfGl
D:6 2 transporters, Pixllover's ghost, novice GrBe
D:7 Jeremiah


Innate Abilities, Weirdness & Mutations

You cannot be hasted, slowed, berserked, paralysed or teleported.
You can dig through walls and to a lower floor.
You have a pair of large antennae on your head. (SInv)
Your four strong arms can wield two-handed weapons with a shield.


Message History

The butterfly is poisoned. x2; The butterfly looks even sicker.
The butterfly is engulfed in poison gas.
The butterfly looks even sicker.
You kill the butterfly!
The butterfly disappears in a burst of colours!
Jeremiah hops!
You kill the butterfly!
The butterfly disappears in a burst of colours!
The butterfly is engulfed in poison gas.
The butterfly is poisoned.
You kill the butterfly!
The butterfly disappears in a burst of colours!
The butterfly is engulfed in poison gas.
The butterfly is poisoned.
You kill the butterfly!
The butterfly disappears in a burst of colours!
Jeremiah is engulfed in poison gas.
Jeremiah is poisoned.
There's no open space to fill with poison.
The butterfly is engulfed in poison gas.
The butterfly is poisoned.
You kill the butterfly!
The butterfly disappears in a burst of colours!
The butterfly is poisoned.
Jeremiah is engulfed in poison gas.
Jeremiah looks even sicker.
The butterfly is poisoned.
Jeremiah is engulfed in poison gas.
Jeremiah looks even sicker.
The butterfly is engulfed in poison gas.
The butterfly looks even sicker.
You kill the butterfly!
The butterfly disappears in a burst of colours!
The butterfly is engulfed in poison gas.
The butterfly is poisoned.
You kill the butterfly!
The butterfly disappears in a burst of colours!
Jeremiah is engulfed in poison gas.
Jeremiah looks as sick as possible!
Jeremiah lets out a twisted cry.
Something smites you!
You die...
Jeremiah asks, "What happened?
Did... did you die?"
Your body crumbles into a pile of gold.

******,,,*
#########...##.,,*****
########....+..,,*,,,**
########....#..,*,,,,,*
########....##.,**,,,,*
#########...##.,**,,,,*
#####○☼####+##.,,,,,,,*
###§§§☼.#......,**,,****
###○○☼○@#...##.,*#..##*,
###°○°b###.b##..##...#,,
#####bb###b.##.......#,,
####.§F.{....#.......#,.
####°§§.....b#...bF..#..
#####○○.##b.##..##...#..
##########..###'##..##..
#########.).....##..##..
#.<.bb...#......


You could see Jeremiah (extremely poisoned).

Vanquished Creatures
  Sigmund (D:5)
  A water moccasin (D:6)
  An ogre (D:7)
  A black bear (D:4)
  2 centaurs
  2 phantoms
  A bullfrog (D:6)
  2 scorpions
  7 wights (D:7)
  3 howler monkeys (D:7)
  2 hounds
  3 orc priests
  A sleepcap (D:4)
  A gnoll bouda (D:3)
  3 iguanas
  4 orc wizards
  4 adders
  5 gnolls (D:3)
  2 white imps
  An ufetubus (D:6)
  4 worms
  2 dart slugs (D:1)
  17 orcs
  10 ball pythons
  9 endoplasms
  5 giant cockroaches
  6 goblins
  7 hobgoblins
  7 jackals
  9 kobolds
  4 quokkas
  10 bats
  3 frilled lizards
  3 rats
143 creatures vanquished.

Notes
Turn   | Place    | Note
-------+----------+-------------------------------------------
     0 | D:1      | JackS81 the Formicid Fighter began the quest for the Orb.
     0 | D:1      | Reached XP level 1. HP: 18/18 MP: 1/1
    42 | D:1      | Reached XP level 2. HP: 22/24 MP: 2/2
   169 | D:1      | Reached XP level 3. HP: 29/30 MP: 3/3
   535 | D:1      | Found Fedostruco's Armour Boutique.
   715 | D:1      | Reached skill level 3 in Axes
   801 | D:2      | Found a faded altar of an unknown god.
   908 | D:2      | Reached XP level 4. HP: 18/37 MP: 4/4
  1223 | D:2      | Found an opulent altar of Gozag.
  1236 | D:2      | Became a worshipper of Gozag Ym Sagoz the Greedy
  1615 | D:2      | Got a peculiar book
  1841 | D:3      | Reached XP level 5. HP: 21/42 MP: 5/5
  1845 | D:3      | Reached skill level 4 in Axes
  2237 | D:3      | Found a runed translucent gate.
  2239 | D:3      | Found a runed translucent gate.
  2242 | D:3      | Found a runed translucent gate.
  2244 | D:3      | Noticed Nedwor's ghost (amateur MfGl)
  2680 | D:4      | Reached XP level 6. HP: 46/48 MP: 6/6
  2694 | D:4      | Reached skill level 5 in Axes
  3110 | D:4      | Noticed a black bear
  3118 | D:4      | Killed a black bear
  3119 | D:4      | Reached XP level 7. HP: 54/54 MP: 7/7
  3526 | D:5      | Entered Level 5 of the Dungeon
  3613 | D:5      | Reached skill level 6 in Axes
  3883 | D:5      | Noticed Sigmund
  3890 | D:5      | Killed Sigmund
  3891 | D:5      | Reached skill level 7 in Axes
  3891 | D:5      | Reached XP level 8. HP: 61/61 MP: 8/8
  4278 | D:5      | Reached skill level 5 in Armour
  4410 | D:5      | Found Akaig's Magic Scroll Shoppe.
  4416 | D:5      | Bought a scroll of identify for 20 gold pieces
  4416 | D:5      | Bought a scroll of fear for 40 gold pieces
  4422 | D:5      | Bought a scroll of identify for 20 gold pieces
  4422 | D:5      | Bought a scroll of identify for 20 gold pieces
  4805 | D:6      | Reached skill level 8 in Axes
  4986 | D:6      | Noticed a yak
  4986 | D:6      | Noticed Pixllover's ghost (novice GrBe)
  4988 | D:6      | Found a transporter.
  5009 | D:6      | Found a transporter.
  5096 | D:6      | Got a ragged book
  5330 | D:6      | Reached skill level 5 in Fighting
  5531 | D:7      | Reached XP level 9. HP: 68/68 MP: 9/9
  5554 | D:7      | Reached skill level 9 in Axes
  5554 | D:7      | Reached skill level 5 in Shields
  5903 | D:7      | Reached skill level 10 in Axes
  6020 | D:7      | Noticed Jeremiah
  6099 | D:7      | Killed from afar by Jeremiah

Illustrated notes

Levels and vault maps discovered:
D:1:      minmay_arrival_four_houses, layout_loops_cross, serial_shops,
          shop_statue, patterned_corridor
D:2:      layout_basic, basic_altar, hellmonk_ecumenical_altar_inner_sanctum
D:3:      layout_loops_ring, gammafunk_ghost_necromancy, dk_noncrumbling_3,
          bh_walls_and_bars
D:4:      layout_loops_cross, nrook_loot_triangle, chequers_jeans,
          chequers_serial_rivers_micro_d, minmay_vboxes
D:5:      layout_loops_corners, serial_shops, shop, uniq_sigmund
D:6:      layout_loops_cross, gammafunk_ghost_arena, nicolae_the_louvre
D:7:      layout_gridville, temple_hall, uniq_jeremiah

Skill      XL: |  1  2  3  4  5  6  7  8  9 |
---------------+----------------------------+-----
Axes           | 3 4 5 7 8 10 | 10.0
Armour         | 4 5 |  5.9
Fighting       | 4 5 |  5.5
Shields        | 5 |  5.1

Action                     |  1- 3 |  4- 6 |  7- 9 || total
---------------------------+-------+-------+-------++-------
  Melee: War axe           |    89 |   164 |   259 ||   512
  Throw: Dart              |       |     4 |       ||     4
         Throwing net      |       |       |     2 ||     2
  Evoke: Wand              |       |       |     1 ||     1
    Use: Potion            |       |     1 |     2 ||     3
         Scroll            |       |     1 |    17 ||    18
 Armour: Scale mail        |    61 |    58 |       ||   119
         Plate armour      |       |    41 |   165 ||   206
  Dodge: Dodged            |    53 |    72 |    77 ||   202
  Block: Buckler           |    25 |    46 |    46 ||   117

Table legend: (Time is in decaauts)
 A = Elapsed time spent in this place.
 B = Non-inter-level travel time spent in this place.
 C = Inter-level travel time spent in this place.
 D = Time resting spent in this place.
 E = Time spent auto-exploring this place.
 F = Levels seen in this place.
 G = Mean time per level.
                   A        B        C        D        E       F      G
               +--------+--------+--------+--------+--------+-----+--------+
         Total |   6211 |   6060 |    151 |    198 |   4128 |   7 |  887.3 |
       Dungeon |   6211 |   6060 |    151 |    198 |   4128 |   7 |  887.3 |
               +--------+--------+--------+--------+--------+-----+--------+

Top non-repeatable levels by time:
     D:5: 1223 daAuts
     D:3: 1052 daAuts
     D:2: 900 daAuts
     D:4: 878 daAuts
     D:6: 800 daAuts
     D:1: 778 daAuts
     D:7: 577 daAuts
